 Dungeon Crawl Stone Soup version 0.30.1-11-g7821555f0a (webtiles) character file.

Game seed: 2133267023445669917

292 KittyFluff the Cudgeller (level 6, -6/38 HPs)
             Began as a Gargoyle Berserker on Oct 29, 2023.
             Was a Believer of Trog.
             Killed from afar by an orc wizard (7 damage)
             ... with a puff of flame
             ... on level 5 of the Dungeon.
             The game lasted 00:14:25 (3049 turns).

KittyFluff the Cudgeller (Gargoyle Berserker)       Turns: 3049, Time: 00:14:26

Health: -6/38      AC: 11    Str: 23    XL:     6   Next: 33%
Magic:  6/6        EV: 12    Int:  7    God:    Trog [**....]
Gold:   189        SH:  0    Dex:  9    Spells: 5/5 levels left

rFire   . . .        a - +0 mace
rCold   . . .        (no shield)
rNeg    + . .        g - +0 leather armour
rPois   ∞            f - +0 helmet
rElec   +            A - +0 cloak
rCorr   .            (no gloves)
SInv    .            c - +0 pair of boots
Will    .....        (no amulet)
Stlth   +            (no ring)
HPRegen 0.26/turn    (no ring)
MPRegen 0.10/turn

%: no passive effects
@: no status effects
A: sickness immunity, AC +4, negative energy resistance 1, electricity
resistance, torment resistance 1, petrification resistance
a: Renounce Religion, Berserk, Trog's Hand


You were on level 5 of the Dungeon.
You worshipped Trog.
Trog was pleased with you.
You visited 1 branch of the dungeon, and saw 5 of its levels.
You also visited: Sewer.

You collected 215 gold pieces.
You spent 26 gold pieces at shops.

Inventory:

Hand Weapons
 a - a +0 mace (weapon)
 y - a +4 quarterstaff of chaos
Missiles
 b - 3 boomerangs (quivered)
 n - 7 poisoned darts
Armour
 c - a +0 pair of boots (worn)
 f - a +0 helmet (worn)
 g - a +0 leather armour (worn)
 A - a +0 cloak (worn)
Wands
 u - a wand of polymorph (11)
Scrolls
 i - 3 scrolls of fear {unknown}
 j - a scroll of teleportation {unknown}
 k - a scroll of butterflies {unknown}
 l - a scroll of vulnerability {unknown}
 o - a scroll of fog
 r - a scroll of blinking {unknown}
 v - a scroll of immolation
 x - a scroll of poison {unknown}
 B - a scroll of enchant armour {unknown}
Potions
 d - 2 potions of invisibility
 e - 2 potions of heal wounds
 h - 2 potions of lignification {unknown}
 m - 3 potions of might {unknown}
 p - a potion of ambrosia {unknown}
 q - a potion of resistance {unknown}
 s - a potion of magic {unknown}
 t - a potion of mutation {unknown}
 w - 2 potions of degeneration {unknown}
 z - a potion of haste {unknown}


   Skills:
 + Level 4.2 Fighting
 * Level 4.7 Maces & Flails
 * Level 4.4 Armour
 + Level 2.4 Dodging


You had 5 spell levels left.
You didn't know any spells.
Your spell library was empty.

Dungeon Overview and Level Annotations

Branches:
Dungeon (5/15)              Sewer (visited)
 Temple: D:4-7

Altars:
Ru
Uskayaw
Xom

Shops:
D:1 =   D:2 ?(?


Innate Abilities, Weirdness & Mutations

You are immune to sickness and miasma.
Your stone body is resilient. (AC +4)
You are immune to poison.
You resist negative energy. (rN+)
You are resistant to electric shocks. (rElec)
You are resistant to unholy torment.
You are immune to petrification.


Message History

The orc wizard is moderately wounded.
The orc wizard completely misses you. The orc wizard closely misses you.
You hit the orc wizard but do no damage.
The orc wizard is moderately wounded.
The orc wizard hits you but does no damage.
You sock the orc wizard!
The orc wizard is severely wounded.
The orc wizard hits you but does no damage.
The orc wizard closely misses you.
You closely miss the orc wizard.
The orc wizard is severely wounded.
The orc wizard barely misses you.
The orc wizard hits you but does no damage.
You barely miss the orc wizard.
The orc wizard is severely wounded.
The orc wizard misses you.
The orc wizard hits you but does no damage.
You miss the orc wizard.
The orc wizard is severely wounded.
The orc wizard closely misses you.
The orc wizard hits you but does no damage.
You hit the orc wizard.
The orc wizard is almost dead.
The orc wizard gestures at you while chanting.
The puff of flame hits you.
* * * LOW HITPOINT WARNING * * *
You miss the orc wizard.
The orc wizard is almost dead.
The orc wizard hits you but does no damage.
The orc wizard gestures at you while chanting.
The magic dart hits you but does no damage.
You miss the orc wizard.
The orc wizard is almost dead.
The orc wizard hits you with a +1 dagger of speed.
* * * LOW HITPOINT WARNING * * *
You closely miss the orc wizard.
The orc wizard is almost dead.
The orc wizard gestures at you while chanting.
The puff of flame hits you!
You die...

.# . ## .# ..
.. .##...
.##. ##....
..... ....
.##...###.#
.......@o)#
###.....)<#
#.#.###)....#
# #.
##.<..... .
....### ##
#####


You could see an orc wizard.

Vanquished Creatures
  A water moccasin (Sewer)
  Crazy Yiuf (D:4)
  An iguana (D:4)
  4 adders
  A worm (D:3)
  4 dart slugs
  7 orcs
  7 bats
  5 endoplasms
  4 giant cockroaches
  2 goblins (D:3)
  8 hobgoblins
  6 jackals
  5 kobolds
  5 quokkas
  10 ball pythons
  3 frilled lizards
  2 rats (D:2)
76 creatures vanquished.

Notes
Turn   | Place    | Note
-------+----------+-------------------------------------------
     0 | D:1      | KittyFluff the Gargoyle Berserker began the quest for the
                  | Orb.
     0 | D:1      | Reached XP level 1. HP: 14/14 MP: 1/1
   157 | D:1      | Reached XP level 2. HP: 19/19 MP: 2/2
   367 | D:1      | Found Esef's Jewellery Boutique.
   508 | D:2      | Reached XP level 3. HP: 20/23 MP: 3/3
   561 | D:2      | Found Ful Uluxuk's Antique Weapon Emporium.
   597 | D:2      | Reached ** piety under Trog
   601 | D:2      | Found Cicsari's Magic Scroll Shop.
   604 | D:2      | Bought a scroll of identify for 26 gold pieces
   794 | D:2      | Found a faded altar of an unknown god.
   800 | D:2      | Reached XP level 4. HP: 29/29 MP: 4/4
   875 | D:2      | Found Buckam's Magic Scroll Emporium.
  1489 | D:3      | Found a sacrificial altar of Ru.
  1489 | D:3      | Found a shimmering altar of Xom.
  1611 | D:3      | Found a glowing drain.
  1617 | Sewer    | Entered a sewer
  1696 | Sewer    | Noticed a water moccasin
  1707 | Sewer    | Killed a water moccasin
  1708 | Sewer    | Reached XP level 5. HP: 28/33 MP: 5/5
  1715 | Sewer    | Identified the +3 dagger of Mixzivah {elec, Stlth+}
  2279 | D:4      | Found a hide-covered altar of Uskayaw.
  2335 | D:4      | Reached XP level 6. HP: 30/38 MP: 6/6
  2595 | D:4      | Found a runed translucent door.
  2596 | D:4      | Noticed Crazy Yiuf
  2606 | D:4      | Killed Crazy Yiuf
  2995 | D:5      | Entered Level 5 of the Dungeon
  3048 | D:5      | HP: 1/38 [orc wizard/+1 dagger of speed (4)]
  3049 | D:5      | Killed from afar by an orc wizard

Illustrated notes

Levels and vault maps discovered:
D:1:      saegor_arrival_fortress, layout_rooms, serial_shops, shop
D:2:      layout_loops_cross, shapermc_ecumenical_altar_gd, serial_shops, shop,
          shop, nicolae_shop_tiny_real_fake_doors
D:3:      layout_loops_ring, amethyst_overflow_temple_binary,
          portal_sewer_entry_e
D:4:      layout_cave_pods, mainiacjoe_overflow_boulevard,
          uniq_crazy_yiuf_cottage
D:5:      layout_loops_ring, good_gods_mini_temple, yredelemnul_altar_generic,
          minmay_temple_entry_steel_oval, minmay_misc_feat_iff,
          chequers_serial_rivers_micro_a, grunt_tough_drop

Skill      XL: |  1  2  3  4 |
---------------+-------------+-----
Armour         | 3 4 |  4.4
Dodging        | 2 |  2.4
Maces & Flails | 4 |  4.7
Fighting       | 4 |  4.2

Action                     |  1- 3 |  4- 6 || total
---------------------------+-------+-------++-------
  Melee: Mace              |    94 |   206 ||   300
         Punch             |       |     4 ||     4
 Invoke: Berserk           |       |     1 ||     1
    Use: Scroll            |       |     5 ||     5
 Armour: Animal skin       |     4 |       ||     4
         Leather armour    |    44 |   138 ||   182
  Dodge: Dodged            |    65 |   189 ||   254
